 Dungeon Crawl Stone Soup version 0.30-a0-219-gf2db51d15e (webtiles) character file.

Game seed: 15281852740534690071

117 bande the Covered (level 5, 0/33 HPs)
             Began as a Gargoyle Fighter on Oct 6, 2022.
             Slain by a hobgoblin (5 damage)
             ... led by Robin
             ... on level 3 of the Dungeon.
             The game lasted 00:02:40 (1669 turns).

bande the Covered (Gargoyle Fighter)                Turns: 1669, Time: 00:02:40

Health: 0/33       AC: 14    Str: 19    XL:     5   Next: 1%
Magic:  5/5        EV:  9    Int:  9    God:
Gold:   136        SH:  4    Dex: 11    Spells: 4/4 levels left

rFire   . . .      SeeInvis .    a - +0 war axe
rCold   . . .      Faith    .    c - +0 buckler
rNeg    + . .      Spirit   .    b - +0 scale mail
rPois   ∞          Reflect  .    (no helmet)
rElec   +          Harm     .    g - +1 cloak
rCorr   .          Rampage  .    (no gloves)
Will    .....                    h - +0 pair of boots
Stlth   ..........               (no amulet)
HPRegen 0.25/turn                (no ring)
MPRegen 0.09/turn                (no ring)

@: no status effects
A: sickness immunity, AC +4, negative energy resistance 1, electricity
resistance, torment resistance 1, petrification resistance
a: no special abilities


You were on level 3 of the Dungeon.
You visited 1 branch of the dungeon, and saw 3 of its levels.

You collected 136 gold pieces.

Inventory:

Hand Weapons
 a - a +0 war axe (weapon)
Armour
 b - a +0 scale mail (worn)
 c - a +0 buckler (worn)
 g - a +1 cloak (worn)
 h - a +0 pair of boots (worn)
Scrolls
 i - a scroll of enchant armour
Potions
 d - 2 potions of might
 e - a potion of curing {unknown}
 f - 3 potions of flight
 j - a potion of berserk rage {unknown}


   Skills:
 + Level 3.9 Fighting
 + Level 3.4 Axes
 + Level 3.9 Armour
 + Level 3.7 Shields


You had 4 spell levels left.
You didn't know any spells.
Your spell library contained the following spells:

 Spells                   Type           Power      Damage    Failure   Level
 Apportation              Tloc           0%         N/A       83%         1
 Necrotise                Necr           0%         1d4       83%         1
 Summon Small Mammal      Summ           0%         N/A       83%         1


Dungeon Overview and Level Annotations

Branches:
Dungeon (3/15)

Altars:


Innate Abilities, Weirdness & Mutations

You are immune to sickness and miasma.
Your stone body is resilient. (AC +4)
You are immune to poison.
You resist negative energy. (rN+)
You are resistant to electric shocks. (rElec)
You are resistant to unholy torment.
You are immune to petrification.


Message History

The ball python barely misses you. Robin hits you with a +0 falchion.
The goblin closely misses you. The goblin hits you but does no damage.
The ball python bites you. The ball python grabs you.
The ball python constricts you.
You closely miss Robin.
Robin is almost dead.
You closely miss the goblin. You closely miss the ball python.
You barely miss the goblin. The goblin barely misses you.
Robin hits you with a +0 falchion. The goblin hits you but does no damage.
You block the ball python's attack. The ball python constricts you.
Unknown command.
You slash Robin!
You kill Robin!
You hit the goblin.
You kill the goblin!
You hit the ball python.
You kill the ball python!
You miss the goblin.
The hobgoblin hits you but does no damage.
The goblin hits you with a +0 club. The ball python closely misses you.
The ball python barely misses you. The goblin hits you with a +0 club.
* * * LOW HITPOINT WARNING * * *
You hit the ball python.
You kill the ball python!
You hit the goblin.
You kill the goblin!
You barely miss the goblin. You closely miss the hobgoblin.
The hobgoblin hits you but does no damage.
The goblin closely misses you.
You have reached level 5!
You hit the hobgoblin.
The hobgoblin is almost dead.
You slash the goblin!
You kill the goblin!
The hobgoblin misses you.
The hobgoblin hits you but does no damage.
You closely miss the hobgoblin.
The hobgoblin is almost dead.
The hobgoblin hits you.
You die...

....# ....# #
#<..#.# #...#.#
#..... # #...#
.$.#.##)).#
#....)@g.#
#.#.##)#.# #)#
# ######.#
#......# #
######'######.#
#.............#
#..........###
#..........#
#......#


You could see a hobgoblin (strong).

Vanquished Creatures
  Robin (D:3)
  A gnoll (D:1)
  2 adders (D:2)
  2 worms (D:2)
  6 ball pythons
  5 bats
  An endoplasm (D:1)
  A giant cockroach (D:1)
  22 goblins
  9 hobgoblins
  2 jackals (D:3)
  3 kobolds
  2 quokkas
  A frilled lizard (D:2)
  4 rats
62 creatures vanquished.

Notes
Turn   | Place    | Note
-------+----------+-------------------------------------------
     0 | D:1      | bande the Gargoyle Fighter began the quest for the Orb.
     0 | D:1      | Reached XP level 1. HP: 14/14 MP: 1/1
   137 | D:1      | Reached XP level 2. HP: 16/19 MP: 2/2
   246 | D:1      | You fall into a shaft and drop 1 floor!
   290 | D:2      | Reached XP level 3. HP: 23/23 MP: 3/3
  1051 | D:2      | Reached XP level 4. HP: 26/29 MP: 4/4
  1653 | D:3      | Noticed Robin
  1666 | D:3      | Killed Robin
  1668 | D:3      | Reached XP level 5. HP: 5/33 MP: 5/5
  1669 | D:3      | Slain by a hobgoblin

Illustrated notes

Levels and vault maps discovered:
D:1:      onia_arrival_pyramid, layout_basic, minmay_tetromino_s4
D:2:      cheibrodos_greedy_goblins, layout_loops_ring, hangedman_feature_mirror
D:3:      layout_basic, basic_ecumenical_altar, uniq_terence, uniq_robin,
          uniq_grinder

Skill      XL: |  1  2  3  4 |
---------------+-------------+-----
Axes           | 2 3 |  3.4
Fighting       | |  3.9
Armour         | |  3.9
Shields        | |  3.7

Action                   |  1- 3 |  4- 6 || total
-------------------------+-------+-------++-------
Melee: War axe           |    78 |    50 ||   128
  Use: Scroll            |     5 |       ||     5
Armor: Scale mail        |    42 |    37 ||    79
Dodge: Dodged            |    52 |    37 ||    89
Block: Buckler           |    10 |    12 ||    22

Table legend: (Time is in decaauts)
 A = Elapsed time spent in this place.
 B = Non-inter-level travel time spent in this place.
 C = Inter-level travel time spent in this place.
 D = Time resting spent in this place.
 E = Time spent auto-exploring this place.
 F = Levels seen in this place.
 G = Mean time per level.
                   A        B        C        D        E       F      G
               +--------+--------+--------+--------+--------+-----+--------+
         Total |   1720 |   1720 |      0 |      0 |   1304 |   3 |  573.3 |
       Dungeon |   1720 |   1720 |      0 |      0 |   1304 |   3 |  573.3 |
               +--------+--------+--------+--------+--------+-----+--------+

Top non-repeatable levels by time:
     D:2: 794 daAuts
     D:1: 780 daAuts
     D:3: 145 daAuts
